 Dungeon Crawl Stone Soup version 0.18-a0-1805-g8ab820f (webtiles) character file.

117233 Loki the Brawler (level 16, -7/159 HPs)
             Began as a Troll Monk on Apr 25, 2016.
             Was the Champion of Cheibriados.
             Mangled by a wolf spider (14 damage)
             ... on level 5 of the Lair of Beasts.
             The game lasted 01:40:14 (23928 turns).

Loki the Brawler (Troll Monk)                      Turns: 23928, Time: 01:40:15

Health: -7/159     AC: 18    Str: 38    XL:     16   Next: 22%
Magic:  16/21      EV: 13    Int: 29    God:    Cheibriados [******]
Gold:   2596       SH: 23    Dex: 31    Spells: 1 memorised, 14 levels left

rFire  . . .     SeeInvis .       - Unarmed
rCold  . . .     Gourm    +     B - +2 troll leather armour
rNeg   . . .     Faith    .     n - +0 large shield
rPois  +         Spirit   .     F - +2 hat {Int+3}
rElec  .         Dismiss  .     l - +0 cloak "Xarrug" {*Contam MR+++ Dex+2 Stlth-}
rCorr  .         Reflect  .     (gloves unavailable)
SustAt .         Harm     .     (boots unavailable)
MR     ++++.                    M - amulet of magic regeneration
Stlth  ++........               O - +6 ring of protection
                                f - ring of poison resistance

@: slowed, very slow, incredibly resistant to hostile enchantments, unstealthy
A: unfitting armour, claws 3, agile 1, fast metabolism 3, gourmand, regeneration
2, shaggy fur 1, tough skin 2, wild magic 1
a: Bend Time, Temporal Distortion, Slouch, Step From Time, Renounce Religion


You were on level 5 of the Lair of Beasts.
You worshipped Cheibriados.
Cheibriados was exalted by your worship.
You were very full.

You visited 5 branches of the dungeon, and saw 27 of its levels.
You also visited: Labyrinth and Trove.

You collected 3040 gold pieces.
You spent 444 gold pieces at shops.

Inventory:

Hand Weapons
 b - a +1 blowgun
Missiles
 h - 77 poisoned needles
 j - 6 javelins (quivered)
 o - 6 throwing nets
 v - 4 poisoned javelins
 x - 5 curare-tipped needles
 G - 56 tomahawks
 I - 14 needles of confusion
 X - 11 large rocks
Armour
 l - the +0 cloak "Xarrug" (worn) {*Contam MR+++ Dex+2 Stlth-}
   (You acquired it on level 12 of the Dungeon)

   It affects your dexterity (+2).
   It affects your resistance to hostile enchantments.
   It causes magical contamination when unequipped.
   It makes you less stealthy.
 m - the +0 cloak "Enoe" {+Fly rF+ Int-2, unknown}
   (You found it in a treasure trove)

   It affects your intelligence (-2).
   It protects you from fire.
   It lets you fly.
 n - a +0 large shield (worn)
 A - the +3 robe "Nieleapn" {rC+++ MP+9}
   (You found it in a treasure trove)

   It renders you almost immune to cold.
   It affects your magic capacity (+9).
 B - a +2 troll leather armour (worn)
 F - a +2 hat of intelligence (worn)
 N - the +1 cloak of the Peasants {MR+ rCorr, unknown}
   (You found it in a treasure trove)

   It affects your resistance to hostile enchantments.
   It protects you from acid and corrosion.
 R - the +2 cloak of the Kangaroo {rElec rC- Regen+ Stlth+, unknown}
   (You found it in a treasure trove)

   It makes you vulnerable to cold.
   It insulates you from electricity.
   It increases your rate of regeneration.
   It makes you more stealthy.
 V - the +1 cloak "Xisi" {rElec rPois rF- Regen+, unknown}
   (You found it in a treasure trove)

   It makes you vulnerable to fire.
   It insulates you from electricity.
   It protects you from poison.
   It increases your rate of regeneration.
Magical Staves
 U - an uncursed staff of wizardry
Jewellery
 f - a ring of poison resistance (left claw)
 p - an uncursed ring of see invisible
 u - an uncursed ring of protection from magic
 M - an amulet of magic regeneration (around neck)
 O - a +6 ring of protection (right claw)
 Z - an uncursed ring of protection from cold
Wands
 K - a wand of digging (12/24)
Scrolls
 d - 2 scrolls of magic mapping
 e - a scroll of enchant armour
 i - 11 scrolls of remove curse
 k - 4 scrolls of fog
 y - 3 scrolls of blinking
 E - a scroll of recharging
 Q - 3 scrolls of immolation
 T - 9 scrolls of teleportation {unknown}
 W - a scroll of silence
 Y - 3 scrolls of fear
Potions
 a - 3 potions of ambrosia
 q - 5 potions of curing
 r - 5 potions of lignification
 s - 2 potions of flight
 t - a potion of magic
 z - 6 potions of resistance {unknown}
 C - 2 potions of cancellation
 H - 6 potions of might
 J - 8 potions of brilliance {unknown}
 S - 2 potions of heal wounds
Comestibles
 c - 13 fruits
 g - 9 meat rations
 w - 15 bread rations
 L - 15 beef jerkies
 P - 2 royal jellies


   Skills:
 + Level 10.3 Fighting
 - Level 12.2 Throwing
 - Level 4.8 Dodging
 - Level 1.1 Stealth
 * Level 10.8 Shields
 * Level 16.6 Unarmed Combat
 + Level 1.8 Translocations
 + Level 9.0 Invocations


You had 14 spell levels left.
You knew the following spells:

 Your Spells              Type           Power        Failure   Level  Hunger
a - Apportation           Tloc           ##........   24%         1    ##.....


Dungeon Overview and Level Annotations

Branches:
Dungeon (15/15)            Temple (1/1) D:5            Lair (8/8) D:11
 Shoals (0/4) Lair:4       Spider (1/4) Lair:5        Slime (0/6) Lair:7
    Orc (2/2) D:12            Elf (0/3) Orc:2        Vaults (0/5) D:13
 Depths (0/5) D:15

Altars:
Ashenzari
Cheibriados
Dithmenos
Elyvilon
Gozag
Kikubaaqudgha
Makhleb
Nemelex Xobeh
Okawaru
Pakellas
Qazlal
Ru
Sif Muna
Trog
Vehumet
Xom
Yredelemnul
Zin
Beogh
Lugonu

Shops:
D:4 *   D:11 %   Orc:2 *[*[(

Annotations:
D:11 ident cloak
Lair:2 exclusion: hydra


Innate Abilities, Weirdness & Mutations

You are too large for most types of armour.
You have claws for hands.
Your metabolism is lightning-fast.
You like to eat raw meat.
You heal very quickly.
You are covered in fur (AC +1).
You have very tough skin (AC +2).
You are agile. (Dex +2)
Your spells are a little harder to cast, but a little more powerful.


Message History

You block the wolf spider's attack. The redback barely misses you.
The jumping spider pounces on you!
* * * LOW HITPOINT WARNING * * *
The jumping spider bites you.
* * * LOW HITPOINT WARNING * * *
You block the wraith's attack. The wolf spider hits you!
* * * LOW HITPOINT WARNING * * *
You block the wolf spider's attack.
The redback bites you but does no damage.
You can feel time thicken for a moment.
You kill the jumping spider!
Cheibriados thoroughly appreciates the change of pace.
You destroy the wraith!
Cheibriados appreciates the change of pace.
You kill the redback!
Cheibriados thoroughly appreciates the change of pace.
You feel somewhat less full. The wolf spider hits you!
* * * LOW HITPOINT WARNING * * *
You block the wolf spider's attack. The wolf spider hits you!
You die...

####### ##P.#..## #P#.#.## ###
#...#..# ...#...######
##.#######....#
.........#P.###...#...#..#..#
.....P...................P.##
....P...#..#...#.P.......P..##
..P..PP.#.#
....PP#...#.##.[###..P..PP.#.#
....###.#######†@..#.P.....).#
..#..##.#...###†s†#..#...P..##
...#.#......'..#...#>#.....P##
#.#.##......#.P#.........P..P#
.####...⌠.......#.#.........##
####............#..#.......##
##.......###...........#.P..#
#...⌠...#.###........##..^..#
#.............###...####...##


You could see a wolf spider.

Vanquished Creatures
  Saint Roka (Orc:2)
  Gastronok (D:10)
  A fire dragon (Lair:8)
  A vault guard (D:11)
  A minotaur (Lab)
  Josephine (Lair:5)
  A yaktaur captain (D:15)
  3 hydras
  Erolcha (D:13)
  Harold (D:11)
  Erica (D:9)
  4 centaur warriors
  A catoblepas (Lair:8)
  An anaconda (shapeshifter) (D:15)
  5 death yaks (Lair:7)
  3 tengu warriors
  4 orc high priests (Orc:2)
  A skeletal warrior (D:13)
  Nergalle (D:11)
  2 unseen horrors
  The ghost of Loki the Grappler, a novice TrMo (D:5)
  11 hill giants
  5 ugly things (D:15)
  3 orc sorcerers (Orc:2)
  4 orc knights
  A wolf spider zombie (D:12)
  4 hornets
  A wolf spider (Lair:8)
  2 griffons
  A manticore (D:15)
  3 centaur zombies
  3 cyclopes
  A guardian serpent (Lair:8)
  Joseph (D:7)
  9 elephants
  Psyche (D:8)
  9 black mambas
  21 spiny frogs
  3 gargoyles
  A freezing wraith (D:10)
  16 komodo dragons
  5 yaktaurs
  A yaktaur (shapeshifter) (D:13)
  2 kobold demonologists
  An efreet (D:14)
  2 rime drakes
  A jumping spider (Lair:5)
  3 polar bears
  9 trolls
  2 two-headed ogres (D:14)
  A tengu conjurer (D:12)
  A wolf spider simulacrum (D:14)
  A hornet zombie (D:15)
  Grinder (D:3)
  14 slime creatures
  23 blink frogs
  2 shadows
  3 wraiths (Lair:5)
  6 wyverns
  The ghost of warlockg3 the Ducker, an amateur TrFi of Okawaru (D:4)
  5 redbacks (Lair:5)
  6 tarantellas
  A water elemental (D:11)
  57 yaks
  11 basilisks
  10 hippogriffs
  7 vampire mosquitoes
  2 hungry ghosts
  3 steam dragons
  5 wargs
  6 mottled dragons
  2 soldier ants (D:14)
  17 water moccasins
  11 porcupines
  40 orc warriors
  A black bear (Lair:4)
  4 ice beasts
  A swamp drake (Lair:8)
  8 sky beasts
  14 ogres
  4 wasps
  20 wolves
  A boggart (D:13)
  11 centaurs
  27 crocodiles
  7 big kobolds
  22 giant frogs
  2 wyvern zombies (D:14)
  A wyvern skeleton (D:9)
  8 scorpions
  23 wights
  17 killer bees
  3 electric eels (D:11)
  3 vampire bats (Lair:6)
  2 giant frog zombies
  6 howler monkeys
  6 crimson imps
  13 hounds
  2 jellies
  10 centaur skeletons
  2 giant frog skeletons (D:13)
  29 orc priests
  2 gnoll shamans (D:6)
  13 iguanas
  31 orc wizards
  14 worker ants
  A killer bee zombie (D:6)
  27 sheep
  A hound zombie (D:11)
  3 hound skeletons
  Robin (D:2)
  A worker ant zombie (D:9)
  12 gnolls
  14 adders
  46 river rats
  2 shadow imps
  3 oozes
  An adder skeleton (D:4)
  5 giant geckos
  111 orcs
  A ball python (D:3)
  A giant cockroach (D:3)
  18 goblins
  7 hobgoblins
  6 quokkas
  11 bats
  5 giant newts
  A jackal zombie (D:7)
  20 kobolds
  8 rats
  3 plants
1014 creatures vanquished.

Vanquished Creatures (others)
  A sky beast (D:13)
  A kobold (D:10)
  19 fungi
  15 plants
36 creatures vanquished.

Grand Total: 1050 creatures vanquished

Notes
Turn   | Place    | Note
--------------------------------------------------------------
     0 | D:1      | Loki the Troll Monk began the quest for the Orb.
     0 | D:1      | Reached XP level 1. HP: 22/22 MP: 0/0
    73 | D:1      | Reached XP level 2. HP: 26/29 MP: 1/1
   704 | D:1      | Reached skill level 1 in Throwing
   878 | D:2      | Noticed Robin
   882 | D:2      | Reached XP level 3. HP: 33/36 MP: 2/2
   921 | D:2      | Killed Robin
  1141 | D:2      | Found a sparkling altar of Nemelex Xobeh.
  1615 | D:3      | Found a radiant altar of Vehumet.
  1742 | D:3      | Found a bloodstained altar of Trog.
  1827 | D:3      | Reached XP level 4. HP: 43/44 MP: 3/3
  2033 | D:3      | Noticed Grinder
  2053 | D:3      | Paralysed by something for 3 turns
  2097 | D:3      | Killed Grinder
  2097 | D:3      | Reached skill level 1 in Shields
  2097 | D:3      | Reached skill level 5 in Unarmed Combat
  2097 | D:3      | Reached XP level 5. HP: 20/53 MP: 4/4
  2216 | D:3      | Reached XP level 6. HP: 29/61 MP: 5/5
  2394 | D:4      | Found Mebi's Assorted Antiques.
  2403 | D:4      | Bought a fuming pink potion for 17 gold pieces
  2403 | D:4      | Bought a scroll labeled DYMOZE COBUR for 19 gold pieces
  2403 | D:4      | Bought a purple potion for 17 gold pieces
  2403 | D:4      | Bought a fizzy white potion for 17 gold pieces
  2482 | D:4      | Found an opulent altar of Gozag.
  2523 | D:4      | Reached skill level 6 in Unarmed Combat
  2574 | D:4      | Found an opulent altar of Gozag.
  2578 | D:4      | Found a sacrificial altar of Ru.
  2593 | D:4      | Found a shimmering altar of Xom.
  2853 | D:4      | Reached XP level 7. HP: 28/68 MP: 6/6
  3057 | D:5      | Entered Level 5 of the Dungeon
  3175 | D:5      | Noticed Loki's ghost (novice TrMo)
  3218 | D:4      | Noticed warlockg3's ghost (amateur TrFi)
  3238 | D:4      | Killed warlockg3's ghost
  3382 | D:5      | Reached skill level 7 in Unarmed Combat
  3412 | D:5      | Reached XP level 8. HP: 78/78 MP: 7/7
  4048 | D:6      | Reached skill level 8 in Unarmed Combat
  4849 | D:7      | Reached XP level 9. HP: 83/87 MP: 8/8
  4873 | D:7      | Reached skill level 5 in Fighting
  5005 | D:7      | Noticed Joseph
  5024 | D:7      | Killed Joseph
  5024 | D:7      | Reached skill level 5 in Throwing
  5024 | D:7      | Reached skill level 9 in Unarmed Combat
  5425 | D:7      | Noticed a hill giant
  5426 | D:7      | Noticed a troll
  5431 | D:7      | Killed a troll
  5436 | D:7      | Killed a hill giant
  5495 | D:7      | Reached skill level 10 in Unarmed Combat
  5528 | D:7      | Reached skill level 5 in Shields
  5528 | D:7      | Reached XP level 10. HP: 78/98 MP: 9/9
  5958 | D:5      | Killed Loki's ghost
  6072 | D:5      | Found a staircase to the Ecumenical Temple.
  6083 | Temple   | Entered the Ecumenical Temple
  6233 | Temple   | Became a worshipper of Cheibriados the Contemplative
  6233 | Temple   | Reached * piety under Cheibriados
  6233 | Temple   | Reached ** piety under Cheibriados
  6825 | D:8      | Noticed Psyche
  6827 | D:8      | Killed Psyche
  6867 | D:8      | Reached *** piety under Cheibriados
  6869 | D:8      | Reached skill level 11 in Unarmed Combat
  7368 | D:9      | Noticed Erica
  7376 | D:9      | Killed Erica
  7376 | D:9      | Reached XP level 11. HP: 76/107 MP: 10/10
  7752 | D:9      | Reached **** piety under Cheibriados
  7975 | D:10     | Entered Level 10 of the Dungeon
  8174 | D:10     | Noticed Gastronok
  8207 | D:10     | Noticed a hill giant
  8212 | D:10     | Killed Gastronok
  8212 | D:10     | Reached skill level 1 in Invocations
  8215 | D:10     | Killed a hill giant
  8393 | D:10     | Reached skill level 12 in Unarmed Combat
  8530 | D:10     | Reached ***** piety under Cheibriados
  8634 | D:9      | Found a stormy altar of Qazlal.
  8811 | D:11     | Noticed a vault guard
  8819 | D:11     | Killed a vault guard
  8823 | D:11     | Found a portal to a secret trove of treasure.
  8839 | D:11     | Noticed a hill giant
  8849 | D:11     | Killed a hill giant
  8849 | D:11     | Reached XP level 12. HP: 32/118 MP: 6/12
  8888 | D:11     | Found Yluora's Food Emporium.
  8918 | D:11     | Noticed Nergalle
  9074 | D:11     | Noticed Harold
  9107 | D:11     | Killed Harold
  9143 | D:11     | Found a staircase to the Lair.
  9651 | D:12     | Noticed a tengu warrior
  9654 | D:12     | Reached skill level 10 in Throwing
  9667 | D:12     | Killed a tengu warrior
  9667 | D:12     | Reached skill level 13 in Unarmed Combat
  9697 | D:12     | Found a staircase to the Orcish Mines.
  9858 | D:12     | Identified a scroll of acquirement
  9860 | D:12     | Got a heavily runed cloak
  9871 | D:12     | Identified the +0 cloak "Xarrug" {*Contam MR+++ Dex+2 Stlth-} (You acquired it on level 12 of the Dungeon)
 10396 | Lair:1   | Entered Level 1 of the Lair of Beasts
 10618 | Lair:1   | Reached XP level 13. HP: 125/127 MP: 15/15
 11102 | Lair:1   | Reached ****** piety under Cheibriados
 11637 | Lair:2   | Reached skill level 5 in Invocations
 13025 | Lair:4   | Reached skill level 14 in Unarmed Combat
 13070 | Lair:4   | Gained mutation: You are agile. (Dex +2) [potion of beneficial mutation]
 13538 | Lair:4   | Found a staircase to the Shoals.
 13705 | Lair:5   | Found a hole to the Spider Nest.
 14438 | Lair:6   | Reached XP level 14. HP: 111/137 MP: 17/17
 15847 | Lair:7   | Found a staircase to the Slime Pits.
 16292 | Lair:8   | Entered Level 8 of the Lair of Beasts
 16489 | Lair:8   | Reached skill level 15 in Unarmed Combat
 17854 | Orc:1    | Entered Level 1 of the Orcish Mines
 17893 | Orc:1    | Reached XP level 15. HP: 113/148 MP: 19/19
 18040 | Orc:2    | Entered Level 2 of the Orcish Mines
 18054 | Orc:2    | Found Gang's Antique Armour Emporium.
 18063 | Orc:2    | Found a staircase to the Elven Halls.
 18144 | Orc:2    | Found a roughly hewn altar of Beogh.
 18309 | Orc:1    | Found a roughly hewn altar of Beogh.
 18563 | Orc:2    | Found a roughly hewn altar of Beogh.
 18564 | Orc:2    | Found Qieryoc's General Store.
 18592 | Orc:2    | Bought a scroll of identify for 30 gold pieces
 19042 | Orc:2    | Noticed Saint Roka
 19067 | Orc:2    | Killed Saint Roka
 19102 | Orc:2    | Found Cuynej's Antique Weapon Shop.
 19104 | Orc:2    | Found Pop Baip's Antique Armour Boutique.
 19107 | Orc:2    | Found a roughly hewn altar of Beogh.
 19167 | Orc:2    | Found a roughly hewn altar of Beogh.
 19183 | Orc:2    | Found Kitras's Assorted Antiques.
 19188 | Orc:2    | Bought a scroll of identify for 58 gold pieces
 19188 | Orc:2    | Bought a shiny onyx ring for 145 gold pieces
 19188 | Orc:2    | Bought a scroll labeled VEL TUKKOA for 29 gold pieces
 19274 | Orc:2    | Found a roughly hewn altar of Beogh.
 19583 | Orc:2    | Bought a scroll of blinking for 112 gold pieces
 19716 | D:11     | Killed Nergalle
 19921 | D:13     | Noticed Erolcha
 19957 | D:13     | Found a labyrinth entrance.
 19972 | D:13     | Gained mutation: Your spells are a little harder to cast, but a little more powerful. [potion of beneficial mutation]
 19974 | Lab      | Entered a labyrinth
 20175 | Lab      | Reached skill level 16 in Unarmed Combat
 20184 | Lab      | Got a warped blowgun
 20185 | Lab      | Identified the +5 blowgun "Viaq" {speed, rPois rN+ Int+2} (You found it in a labyrinth)
 20267 | D:13     | Killed Erolcha
 20368 | D:11     | You paid a toll of 6 potions of agility to enter a treasure trove
 20369 | Trove    | Entered a treasure trove
 20374 | Trove    | Got a dazzling cloak
 20376 | Trove    | Got a distressingly furry large shield
 20380 | Trove    | Got a heavily runed large shield
 20382 | Trove    | Got a scorched cloak
 20384 | Trove    | Got a steaming cloak
 20390 | Trove    | Got a shimmering robe
 20396 | Trove    | Got a heavily runed cloak
 20423 | D:11     | Identified the -6 large shield of Divine Compulsion {Dex+2} (You found it in a treasure trove)
 20443 | D:11     | Identified the -3 large shield "Ligheann" {rF- rC+ Str+4 Int+2} (You found it in a treasure trove)
 20473 | D:11     | Identified the +3 robe "Nieleapn" {rC+++ MP+9} (You found it in a treasure trove)
 20688 | D:13     | Reached skill level 10 in Shields
 20924 | D:13     | Reached skill level 10 in Fighting
 21115 | D:13     | Found a gate to the Vaults.
 22244 | D:14     | Learned a level 1 spell: Apportation
 22762 | D:15     | Entered Level 15 of the Dungeon
 22818 | D:15     | Reached XP level 16. HP: 119/158 MP: 21/21
 22823 | D:15     | Found a staircase to the Depths.
 23067 | D:15     | Found a corrupted altar of Lugonu.
 23089 | D:15     | Reached skill level 1 in Translocations
 23828 | Spider:1 | Entered Level 1 of the Spider Nest
 23828 | Spider:1 | Noticed Josephine
 23845 | Lair:5   | Killed Josephine
 23928 | Lair:5   | HP: 7/159 [wolf spider (9)]
 23928 | Lair:5   | Mangled by a wolf spider

Vault maps used:
D:1:      dpeg_arrival_morbid_curiosity
D:2:      lemuel_doored_altar, uniq_robin
D:3:      bloody_trog, vehumet_crystals, first_bread, uniq_grinder
D:4:      nicolae_overflow_hidden_temple, grunt_temple_overflow_open,
          serial_shops, nicolae_shop_temple_entry_statues_fountains,
          nicolae_gozag_seed_capital
D:5:      temple_hall, kennysheep_nondescript, minmay_misc_feat_iff
D:7:      kennysheep_windowed_halls, grunt_ogre_cave, uniq_joseph
D:8:      st_stairs_8, uniq_psyche
D:9:      lemuel_upstairs_altar, uniq_erica
D:10:     kennysheep_generic_room_11, uniq_gastronok
D:11:     dpeg_oklobed_lair, serial_shops, shop, enter_trove_5,
          serial_bayou_lake_a, uniq_nergalle, uniq_harold
D:12:     orc_0_dummy
D:13:     hangedman_vaults_entry_quadrant_bands, lab_entry_generic, uniq_erolcha
D:14:     kennysheep_six_static_rooms, serial_park_tiny_pond
D:15:     grunt_enter_depths_snipers, roderic_aztec_sauvastika, tgw_lugonu_bribe
Temple:   hc_temple_tempest_star
Lair:1:   serial_bayou_shore_b
Lair:2:   patterned_corridor, grunt_megastairs_2
Lair:4:   elwin_shoals_entry_rooms, eino_small_chamber_without_monster,
          infiniplex_staircase_pool_2, lemuel_fruit_fields
Lair:5:   dummy_spider_entry, beast_lair_carwin_8, bh_autumn_forest_stairs,
          grunt_megastairs_3
Lair:6:   roderic_batcave
Lair:7:   nicolae_slime_entry_slimehenge, eino_small_chamber_without_monster
Lair:8:   hangedman_lair_tendril_chambers, guppyfry_lair_end_dragon
Spider:1: guppyfry_spider_mini_3, uniq_josephine
Orc:1:    basic_altar
Orc:2:    grunt_orc_community_town_hall, grunt_orc_community_big_house_2,
          grunt_orc_community_big_house_1, grunt_orc_community_house_1,
          grunt_orc_community_house_3, grunt_orc_community_house_2,
          grunt_orc_community_house_1, serial_shops, nicolae_shop_waterfront,
          lemuel_statue_altar
Lab:      labyrinth_watery
Trove:    trove_armour_2

Skill      XL: |  1  2  3  4  5  6  7  8  9 10 11 12 13 14 15 16 |
---------------+-------------------------------------------------+-----
Throwing       | 1 2 3 4 6 7 9 10 11 12 | 12.2
Fighting       | 3 4 5 6 7 8 9 10 | 10.3
Shields        | 1 2 3 5 6 7 8 10 | 10.8
Unarmed Combat | 5 6 7 8 10 11 12 13 14 15 16 | 16.6
Invocations    | 2 4 5 7 8 9 |  9.0
Dodging        | 4 |  4.8
Translocations | 1 |  1.8
Stealth        | |  1.1

Action                   |  1- 3 |  4- 6 |  7- 9 | 10-12 | 13-15 | 16-18 || total
-------------------------+-------+-------+-------+-------+-------+-------++-------
Melee: Unarmed           |   114 |    93 |   304 |   689 |  1608 |   119 ||  2927
       Punch             |     1 |       |       |       |       |       ||     1
Throw: Large rock        |       |     1 |     4 |     2 |     5 |       ||    12
       Tomahawk          |       |       |     7 |     4 |     1 |       ||    12
       Javelin           |       |       |       |       |    18 |       ||    18
Invok: Slouch            |       |       |       |     4 |     9 |     2 ||    15
       Bend Time         |       |       |       |     1 |     3 |       ||     4
       Temporal Distorti |       |       |       |       |     1 |       ||     1
 Abil: Evoke Berserk Rag |       |       |     1 |       |       |       ||     1
Evoke: Wand              |       |       |       |     1 |       |       ||     1
  Use: Scroll            |       |       |     6 |    16 |    13 |     1 ||    36
       Potion            |       |       |       |       |     2 |     3 ||     5
 Stab: Sleeping          |     2 |     1 |     2 |     6 |     5 |       ||    16
       Distracted        |       |       |       |     2 |     3 |       ||     5
  Eat: Chunk             |    19 |    12 |    23 |    39 |    84 |     9 ||   186
       Royal jelly       |       |       |       |       |     1 |       ||     1
       Pizza             |       |       |       |       |       |     2 ||     2
Armor: Robe              |    35 |    20 |    43 |    88 |       |       ||   186
       Troll hide        |       |       |       |    11 |   138 |       ||   149
       Troll leather arm |       |       |       |       |   124 |    48 ||   172
Dodge: Dodged            |    39 |     9 |    40 |   116 |   292 |    48 ||   544
Block: Large shield      |    15 |    45 |   153 |   517 |  1411 |   122 ||  2263
